 Dungeon Crawl Stone Soup version 0.20-a0-1025-g4706f7e (webtiles) character file.

28636 dvd the Thaumaturge (level 13, -1/95 (96) HPs)
             Began as a Demonspawn Ice Elementalist on Apr 19, 2017.
             Was a High Priest of Vehumet.
             Slain by an enormous slime creature (55 damage)
             ... on level 12 of the Dungeon.
             The game lasted 01:41:38 (22377 turns).

dvd the Thaumaturge (Demonspawn Ice Elementalist)  Turns: 22377, Time: 01:41:38

HP:   -1/95 (96)    AC:  9    Str: 10    XL:     13   Next: 10%
MP:   0/28          EV: 21    Int: 22    God:    Vehumet [*****.]
Gold: 644           SH:  9    Dex: 21    Spells: 2/34 levels left

rFire    . . .     SeeInvis +   a - +3 dagger (speed)
rCold    + . .     Gourm    .   Z - +0 buckler of the Desert {*Contam rElec rCorr Dex+2}
rNeg     . . .     Faith    .   k - +0 troll leather armour
rPois    +         Spirit   +   J - +1 hat {MR+}
rElec    +         Reflect  +   m - scarf {rC+}
rCorr    +         Harm     .   b - +0 pair of gloves
MR       +....                  (no boots)
Stlth    ++++......             u - +3 amulet of reflection
Regen    0.0/turn               F - ring of Caureeli {rPois Int+2}
MPRegen  0.5/turn               R - ring of see invisible

@: agile
A: antennae 1, talons 1, slimy green scales 2, blurry vision 1, mutation
resistance 1, sense surroundings 1, powered by pain 1, robust 1, inhibited
regeneration, magic shield, magic regeneration
a: Renounce Religion


You were on level 12 of the Dungeon.
You worshipped Vehumet.
Vehumet was extremely pleased with you.
You were hungry.

You visited 3 branches of the dungeon, and saw 17 of its levels.

You collected 1040 gold pieces.
You spent 396 gold pieces at shops.

Inventory:

Hand Weapons
 a - a +3 dagger of speed (weapon)
 c - a +0 rapier
 d - a +2 dagger of venom
Armour
 b - a +0 pair of gloves (worn)
 k - a +0 troll leather armour (worn)
 m - a scarf of cold resistance (worn)
 s - the +2 robe of Wedghujag {rC+ rN+ Dex+3 Slay-5}
   (You bought it in a shop on level 7 of the Dungeon)

   It affects your dexterity (+3).
   It affects your accuracy and damage with ranged weapons and melee attacks
   (-5).
   It protects you from cold.
   It protects you from negative energy.
 J - a +1 hat of magic resistance (worn)
 K - a +2 robe of cold resistance
 V - the +3 shield of Greed {*Slow Int+7 Stlth+}
   (You acquired it on level 4 of the Lair of Beasts)

   It affects your intelligence (+7).
   It may slow you when you take damage.
   It makes you more stealthy.
 Z - the +0 buckler of the Desert (worn) {*Contam rElec rCorr Dex+2}
   (You bought it in a shop on level 7 of the Dungeon)

   It affects your dexterity (+2).
   It insulates you from electricity.
   It causes magical contamination when unequipped.
   It protects you from acid and corrosion.
Jewellery
 u - a +3 amulet of reflection (around neck)
 y - an uncursed ring of protection from cold
 D - an uncursed ring of wizardry
 F - the ring of Caureeli (left hand) {rPois Int+2}
   (You found it on level 3 of the Lair of Beasts)

   [ring of intelligence]

   It affects your intelligence (+2).
   It protects you from poison.
 H - an uncursed ring of protection from magic
 R - a ring of see invisible (right hand)
Wands
 l - a wand of disintegration (6/24)
 o - a wand of paralysis (12/24)
 q - a wand of acid (4/15)
 E - a wand of flame (27/48)
 G - a wand of lightning (3/15)
 O - a wand of lightning (2/15)
 Q - a wand of disintegration (5/24)
 T - a wand of iceblast (6/15)
Scrolls
 e - 4 scrolls of recharging
 h - 7 scrolls of remove curse
 i - 3 scrolls of amnesia
 n - 8 scrolls of identify
 v - a scroll of magic mapping
 A - 4 scrolls of teleportation
 I - a scroll of fog
 U - 2 scrolls of enchant weapon
 Y - a scroll of enchant armour {unknown}
Potions
 w - 2 potions of haste
 x - a potion of heal wounds
 L - a potion of cancellation
 P - a potion of brilliance
 S - a potion of flight
 X - a potion of agility
Books
 g - the Tome of Icy Feathers
   (You found it on level 4 of the Dungeon)

   Spells                             Type                      Level
   a - Shock                          Conjuration/Air              1
   b - Swiftness                      Charms/Air                   2
   c - Throw Frost                    Conjuration/Ice              2
   d - Airstrike                      Air                          4
   e - Throw Icicle                   Conjuration/Ice              4
 t - a book of Minor Magic

   Spells                             Type                      Level
   a - Magic Dart                     Conjuration                  1
   b - Blink                          Translocation                2
   c - Call Imp                       Summoning                    2
   d - Slow                           Hexes                        2
   e - Conjure Flame                  Conjuration/Fire             3
   f - Mephitic Cloud                 Conjuration/Poison/Air       3
 z - a book of Callings

   Spells                             Type                      Level
   a - Summon Small Mammal            Summoning                    1
   b - Call Imp                       Summoning                    2
   c - Call Canine Familiar           Summoning                    3
   d - Summon Guardian Golem          Hexes/Summoning              3
   e - Summon Lightning Spire         Summoning/Air                4
   f - Summon Ice Beast               Ice/Summoning                4
 B - a book of Fire

   Spells                             Type                      Level
   a - Ignite Poison                  Fire/Transmutation/Poison    3
   b - Fireball                       Conjuration/Fire             5
   c - Bolt of Fire                   Conjuration/Fire             6
   d - Ring of Flames                 Charms/Fire                  7
   e - Ignition                       Fire                         8
 C - a book of Frost

   Spells                             Type                      Level
   a - Freeze                         Ice                          1
   b - Throw Frost                    Conjuration/Ice              2
   c - Ozocubu's Armour               Charms/Ice                   3
   d - Throw Icicle                   Conjuration/Ice              4
   e - Summon Ice Beast               Ice/Summoning                4
Comestibles
 f - 13 royal jellies
 j - 9 meat rations
 M - 8 fruits
 N - 8 bread rations
 W - 2 chunks of flesh


   Skills:
 + Level 3.9 Fighting
 + Level 5.1 Short Blades
 + Level 2.7 Armour
 + Level 6.0 Dodging
 + Level 4.0 Stealth
 + Level 5.1 Shields
 - Level 0.1 Unarmed Combat
 * Level 11.2 Spellcasting
 + Level 5.9 Conjurations
 + Level 3.2 Charms
 + Level 3.8 Summonings
 + Level 1.5 Necromancy
 + Level 2.0 Fire Magic
 + Level 10.7 Ice Magic
 + Level 3.1 Air Magic
 + Level 0.2 Evocations


You had 2 spell levels left.
You knew the following spells:

 Your Spells              Type           Power        Failure   Level  Hunger
a - Freeze                Ice            ####         1%          1    None
b - Throw Icicle          Conj/Ice       #####...     1%          4    #......
c - Ozocubu's Armour      Chrm/Ice       #####...     1%          3    None
d - Summon Lightning Spi  Summ/Air       ####....     17%         4    #......
e - Flame Tongue          Conj/Fire      ####.        1%          1    None
f - Shock                 Conj/Air       ####         1%          1    None
g - Throw Flame           Conj/Fire      ####..       1%          2    None
h - Summon Ice Beast      Ice/Summ       #####...     3%          4    #......
i - Bolt of Draining      Conj/Necr      ####......   11%         5    ####...
j - Iskenderun's Battles  Conj/Chrm      ####....     9%          5    ####...
k - Blink                 Tloc           N/A          11%         2    None


Dungeon Overview and Level Annotations

Branches:
Dungeon (12/15)            Temple (1/1) D:4            Lair (4/6) D:10
 Spider (0/4) Lair:2
  Swamp: Lair:2-4    Shoals: Lair:2-4       Orc: D:9-12

Altars:
Ashenzari
Cheibriados
Dithmenos
Elyvilon
Fedhas
Gozag
Hepliaklqana
Kikubaaqudgha
Makhleb
Nemelex Xobeh
Okawaru
Qazlal
Ru
Sif Muna
Trog
Uskayaw
Vehumet
Wu Jian
Xom
Yredelemnul
Zin
The Shining One

Shops:
D:7 %[[}}

Annotations:
Lair:4 Rupert


Innate Abilities, Weirdness & Mutations

You have a pair of small antennae on your head.
You are mostly covered in slimy green scales. (AC +3)
You sometimes gain a little power by taking damage.
When hurt, damage is shared between your health and your magic reserves.
You regenerate magic rapidly.
You have sharp toenails.
Scrolls take you a little longer to read.
You are somewhat resistant to further mutation.
You passively map a small area around you.
You are robust. (+10% HP)
You do not regenerate when monsters are visible.


Message History

The enormous slime creature is heavily wounded.
The enormous slime creature hits you!!!
You focus on the pain.
You feel agile all of a sudden.
Two slime creatures merge to form a large slime creature.
You hear a shout!
Unknown command.
Casting: Shock
Confirm with . or Enter, or press ? or * to list all spells.
Aiming: Shock
Press: ? - help, Shift-Dir - straight line The zap hits the enormous slime creature.
The enormous slime creature is heavily wounded.
The zap hits the enormous slime creature.
The enormous slime creature is heavily wounded.
Your battlesphere fires!
The barrage of energy hits the enormous slime creature.
The enormous slime creature is heavily wounded.
The enormous slime creature hits you!!!
Ouch! That really hurt!
You die...

##...#โ‰ˆโ‰ˆโ‰ˆยง.....##
* ##......#...### ,
##........## *
###.##.### * #.....# *
., *##>####### , ...
#........# + ,
....o#8..*)...# * * *
....oJJ@........ *
..oe#########.## ##.,o
,,, # * .., , * . ,+, ,
, , , , * * * * , , * *


You could see an enormous slime creature, a large slime creature, a deep elf
mage, an orc wizard, 2 orcs, a friendly lightning spire and a friendly
battlesphere.

Vanquished Creatures
  2 death knights (D:11)
  2 two-headed ogres (D:9)
  An unseen horror (D:11)
  2 lindwurms (Lair:3)
  A manticore (D:11)
  2 elephants (Lair:3)
  Joseph (D:8)
  A gargoyle (D:10)
  3 spiny frogs
  A rime drake (Lair:3)
  A freezing wraith (D:11)
  A komodo dragon (Lair:3)
  2 trolls
  4 hornets
  A blink frog (Lair:1)
  3 hippogriffs
  Prince Ribbit (D:5)
  16 yaks
  4 wyverns
  A vampire (D:11)
  A hungry ghost (D:9)
  An insubstantial wisp (D:12)
  An acid dragon (D:11)
  A soldier ant (D:10)
  2 water moccasins
  2 hell hounds (D:10)
  Duvessa (D:5)
  4 orc warriors
  13 porcupines
  A sky beast (D:12)
  An eye of draining (D:11)
  6 ice beasts
  9 wolves
  5 centaurs
  5 ogres
  4 crocodiles
  15 bullfrogs
  Dowan (D:5)
  3 scorpions
  4 wights
  A killer bee (D:5)
  A howler monkey (D:8)
  4 crimson imps
  3 quasits
  A bullfrog zombie (D:7)
  4 hounds
  2 jellies
  16 orc wizards
  A bullfrog skeleton (D:4)
  8 orc priests
  Ijyb (D:5)
  Terence (D:2)
  6 iguanas
  13 worker ants
  A killer bee zombie (D:7)
  A hound zombie (D:7)
  A hound skeleton (D:5)
  A worker ant zombie (D:9)
  14 adders
  7 gnolls
  5 shadow imps
  An adder zombie (D:8)
  4 worms
  6 dart slugs
  7 leopard geckos
  49 orcs
  3 ball pythons (D:2)
  13 giant cockroaches
  6 goblins
  6 hobgoblins
  12 jackals
  11 kobolds
  2 quokkas
  5 bats
  4 frilled lizards
  A quokka skeleton (D:8)
  6 rats
358 creatures vanquished.

Vanquished Creatures (collateral kills)
  A hydra (Lair:3)
  2 death knights (D:11)
  A two-headed ogre (D:11)
  The ghost of nht the Grappler, a novice DrTm of Ru (D:9)
  A manticore (D:11)
  2 elephants (Lair:3)
  5 black mambas
  4 spiny frogs
  A centaur skeleton (D:11)
  3 komodo dragons (Lair:3)
  A hornet (Lair:3)
  2 blink frogs (Lair:1)
  A hippogriff (Lair:2)
  A redback (Lair:2)
  2 wraiths (D:11)
  A steam dragon (D:12)
  6 yaks
  An insubstantial wisp (D:12)
  2 soldier ants
  7 water moccasins
  4 porcupines
  2 orc warriors
  An ogre (D:11)
  A phantom (D:11)
  2 sky beasts (D:12)
  15 wolves
  2 crocodiles
  3 bullfrogs
  2 scorpions (D:5)
  4 killer bees (D:11)
  An orc wizard (D:12)
  2 orc priests
  A worker ant (D:5)
  5 orcs
  A giant cockroach (D:5)
  A butterfly (D:5)
92 creatures vanquished.

Vanquished Creatures (others)
  5 fungi
  35 plants (Lair:3)
40 creatures vanquished.

Grand Total: 490 creatures vanquished

Notes
Turn   | Place    | Note
-------+----------+-------------------------------------------
     0 | D:1      | dvd the Demonspawn Ice Elementalist began the quest for the Orb.
     0 | D:1      | Reached XP level 1. HP: 13/13 MP: 3/3
   386 | D:1      | Gained mutation: You are partially covered in slimy green scales. (AC +2) [demonic ancestry]
   386 | D:1      | Reached XP level 2. HP: 16/19 MP: 0/5
   501 | D:1      | Learned a level 2 spell: Throw Frost
  1236 | D:1      | Reached XP level 3. HP: 22/24 MP: 2/6
  1241 | D:1      | Learned a level 3 spell: Ozocubu's Armour
  1380 | D:2      | Found an ancient bone altar of Kikubaaqudgha.
  1748 | D:2      | Found a snail-covered altar of Cheibriados.
  1864 | D:2      | Gained mutation: When hurt, damage is shared between your health and your magic reserves. [demonic ancestry]
  1864 | D:2      | Reached XP level 4. HP: 31/31 MP: 4/8
  2261 | D:2      | Reached skill level 3 in Spellcasting
  2303 | D:2      | Noticed Terence
  2310 | D:2      | Killed Terence
  2387 | D:2      | Found a white marble altar of Elyvilon.
  2559 | D:2      | Reached XP level 5. HP: 17/36 MP: 2/9
  3210 | D:3      | Reached XP level 6. HP: 30/42 MP: 6/11
  3321 | D:3      | Reached skill level 1 in Short Blades
  3327 | D:3      | Reached skill level 1 in Fighting
  3640 | D:3      | Found a faded altar of an unknown god.
  3645 | D:3      | Became a worshipper of Gozag Ym Sagoz the Greedy
  3799 | D:3      | Fell from the grace of Gozag
  3922 | D:4      | Found a staircase to the Ecumenical Temple.
  3928 | D:4      | Identified the Tome of Icy Feathers
  3939 | Temple   | Entered the Ecumenical Temple
  3987 | Temple   | Became a worshipper of Vehumet
  4510 | D:4      | Reached skill level 5 in Ice Magic
  4825 | D:4      | Gained mutation: You sometimes gain a little power by taking damage. [demonic ancestry]
  4825 | D:4      | Reached XP level 7. HP: 48/48 MP: 12/12
  4854 | D:4      | Reached skill level 4 in Spellcasting
  4861 | D:4      | Learned a level 4 spell: Throw Icicle
  5415 | D:5      | Entered Level 5 of the Dungeon
  5463 | D:5      | Noticed Prince Ribbit
  5463 | D:5      | Found a blossoming altar of Fedhas.
  5959 | D:5      | Found an opulent altar of Gozag.
  6251 | D:5      | Noticed Dowan
  6255 | D:5      | Noticed Duvessa
  6373 | D:5      | Noticed Ijyb
  6379 | D:5      | Killed Duvessa
  6382 | D:5      | Killed Ijyb
  6382 | D:5      | Was forgiven by Gozag
  6384 | D:5      | Killed Dowan
  6509 | D:5      | Gained mutation: You have a pair of small antennae on your head. [demonic ancestry]
  6509 | D:5      | Reached XP level 8. HP: 54/54 MP: 5/15
  6511 | D:5      | Reached * piety under Vehumet
  6511 | D:5      | Offered knowledge of Flame Tongue by Vehumet.
  6524 | D:5      | Killed Prince Ribbit
  6524 | D:5      | Reached skill level 1 in Shields
  6524 | D:5      | Reached skill level 5 in Spellcasting
  6540 | D:5      | Found a runed door.
  6552 | D:5      | Found a runed door.
  6605 | D:5      | Learned a level 1 spell: Flame Tongue
  6607 | D:5      | Learned a level 1 spell: Shock
  6672 | D:6      | Found a sparkling altar of Nemelex Xobeh.
  7761 | D:7      | Offered knowledge of Magic Dart by Vehumet.
  7764 | D:7      | Reached ** piety under Vehumet
  8413 | D:7      | Reached skill level 6 in Spellcasting
  8413 | D:7      | Gained mutation: You are mostly covered in slimy green scales. (AC +3) [demonic ancestry]
  8413 | D:7      | Reached XP level 9. HP: 61/61 MP: 8/18
  8552 | D:7      | Found Apopeori's Gadget Shop.
  8865 | D:7      | Found Amyhist's Gadget Emporium.
  8901 | D:7      | Reached skill level 1 in Charms
  8980 | D:7      | Found Kenwesab's Antique Armour Shoppe.
  8985 | D:7      | Bought a scorched buckler for 294 gold pieces
  8995 | D:7      | Identified the +0 buckler of the Desert {*Contam rElec rCorr Dex+2} (You bought it in a shop on level 7 of the Dungeon)
  9018 | D:7      | Found Qeuruxzome's Antique Armour Emporium.
  9051 | D:7      | Bought a heavily jewelled robe for 102 gold pieces
  9061 | D:7      | Identified the +2 robe of Wedghujag {rC+ rN+ Dex+3 Slay-5} (You bought it in a shop on level 7 of the Dungeon)
  9082 | D:7      | Found Hionnir's Food Shop.
  9448 | D:8      | Noticed Joseph
  9472 | D:8      | Killed Joseph
  9475 | D:8      | Offered knowledge of Throw Flame by Vehumet.
  9479 | D:8      | Learned a level 2 spell: Throw Flame
  9635 | D:8      | Reached skill level 7 in Spellcasting
  9966 | D:8      | Reached skill level 1 in Air Magic
 10337 | D:8      | Reached *** piety under Vehumet
 10682 | D:8      | Reached skill level 1 in Fire Magic
 10867 | D:8      | Found a deep blue altar of Sif Muna.
 11009 | D:8      | Reached XP level 10. HP: 67/67 MP: 13/21
 11385 | D:9      | Noticed nht's ghost (novice DrTm)
 11743 | D:9      | Noticed a two-headed ogre
 11791 | D:9      | Learned a level 4 spell: Summon Ice Beast
 11808 | D:9      | HP: 2/68 [two-headed ogre/giant club (9)]
 12257 | D:9      | Offered knowledge of Stone Arrow by Vehumet.
 12647 | D:8      | Gained mutation: You tend to lose your temper in combat. [potion of mutation]
 12647 | D:8      | Gained mutation: Your magical capacity is low. (-10% MP) [potion of mutation]
 12647 | D:8      | Gained mutation: Armour fits poorly on your strangely shaped body. [potion of mutation]
 12647 | D:8      | Gained mutation: Your muscles are strong. (Str +2) [potion of mutation]
 12648 | D:8      | Lost mutation: Your muscles are strong. (Str +2) [potion of mutation]
 12648 | D:8      | Lost mutation: Your magical capacity is low. (-10% MP) [potion of mutation]
 12648 | D:8      | Lost mutation: You tend to lose your temper in combat. [potion of mutation]
 12648 | D:8      | Lost mutation: Armour fits poorly on your strangely shaped body. [potion of mutation]
 12648 | D:8      | Gained mutation: You passively map a small area around you. [potion of mutation]
 12648 | D:8      | Gained mutation: Your mind is acute. (Int +2) [potion of mutation]
 12815 | D:9      | Killed nht's ghost
 12815 | D:9      | Reached skill level 8 in Spellcasting
 12889 | D:9      | Killed a two-headed ogre
 13022 | D:9      | Noticed a two-headed ogre
 13028 | D:9      | Killed a two-headed ogre
 13071 | D:9      | Reached skill level 1 in Summonings
 13465 | D:9      | Reached skill level 5 in Dodging
 13604 | D:9      | Reached XP level 11. HP: 65/75 MP: 9/23
 13846 | D:10     | Entered Level 10 of the Dungeon
 13971 | D:10     | Reached **** piety under Vehumet
 14155 | D:10     | Reached skill level 1 in Armour
 14160 | D:10     | Offered knowledge of Inner Flame by Vehumet.
 14406 | D:10     | Found a staircase to the Lair.
 14472 | D:10     | Reached skill level 9 in Spellcasting
 15097 | D:11     | Noticed a death knight
 15103 | D:11     | Killed a death knight
 15111 | D:11     | Noticed a death knight
 15246 | D:11     | Killed a death knight
 15468 | D:11     | Noticed a death knight
 15597 | D:11     | Killed a death knight
 15662 | D:11     | Noticed a death knight
 15742 | D:11     | Killed a death knight
 16010 | D:11     | Noticed a two-headed ogre
 16026 | D:11     | Killed a two-headed ogre
 16077 | D:11     | Reached ***** piety under Vehumet
 16077 | D:11     | Offered knowledge of Bolt of Draining by Vehumet.
 16689 | Lair:1   | Entered Level 1 of the Lair of Beasts
 16953 | Lair:1   | Reached skill level 10 in Ice Magic
 16953 | Lair:1   | Reached XP level 12. HP: 80/81 MP: 10/25
 17092 | Lair:1   | Learned a level 5 spell: Bolt of Draining
 17097 | Lair:1   | Learned a level 4 spell: Airstrike
 17603 | Lair:2   | Found a hole to the Spider Nest.
 17861 | Lair:2   | Learned a level 2 spell: Blink
 18332 | Lair:2   | Reached skill level 5 in Shields
 18368 | Lair:2   | Reached skill level 5 in Conjurations
 18788 | Lair:3   | Reached skill level 1 in Necromancy
 18882 | Lair:3   | Noticed a six-headed hydra
 18889 | Lair:3   | Killed a six-headed hydra
 19009 | Lair:3   | Reached skill level 10 in Spellcasting
 19618 | Lair:3   | Reached skill level 5 in Short Blades
 19772 | Lair:3   | Learned a level 4 spell: Summon Lightning Spire
 19860 | Lair:3   | Offered knowledge of Iskenderun's Battlesphere by Vehumet.
 20252 | Lair:3   | HP: 2/83 [komodo dragon (25)]
 20810 | Lair:3   | Lost mutation: Your mind is acute. (Int +2) [potion of mutation]
 20810 | Lair:3   | Lost mutation: You passively map a small area around you. [potion of mutation]
 20810 | Lair:3   | Gained mutation: Potions are less effective at restoring your health. [potion of mutation]
 20810 | Lair:3   | Gained mutation: You are robust. (+10% HP) [potion of mutation]
 21072 | Lair:3   | Got a smoking brass ring
 21074 | Lair:3   | Identified the ring of Caureeli {rPois Int+2} (You found it on level 3 of the Lair of Beasts)
 21140 | Lair:4   | Noticed Rupert
 21279 | Lair:4   | Identified 2 scrolls of acquirement
 21280 | Lair:4   | Got an ichor-stained shield
 21281 | Lair:4   | Identified the +3 shield of Greed {*Slow Int+7 Stlth+} (You acquired it on level 4 of the Lair of Beasts)
 21374 | Lair:4   | Gained mutation: You regenerate magic rapidly. [demonic ancestry]
 21374 | Lair:4   | Reached XP level 13. HP: 96/96 MP: 19/27
 21522 | Lair:3   | Lost mutation: You are robust. (+10% HP) [potion of mutation]
 21522 | Lair:3   | Lost mutation: Potions are less effective at restoring your health. [potion of mutation]
 21522 | Lair:3   | Gained mutation: Scrolls take you a little longer to read. [potion of mutation]
 21522 | Lair:3   | Gained mutation: Your spells are a little easier to cast, but a little less powerful. [potion of mutation]
 21522 | Lair:3   | Gained mutation: You do not regenerate when monsters are visible. [potion of mutation]
 21522 | Lair:3   | Gained mutation: You passively map a small area around you. [potion of mutation]
 21625 | D:11     | Reached skill level 11 in Spellcasting
 21829 | D:11     | Learned a level 5 spell: Iskenderun's Battlesphere
 22285 | D:12     | Lost mutation: Your spells are a little easier to cast, but a little less powerful. [mutagenic meat]
 22286 | D:12     | Gained mutation: You are somewhat resistant to further mutation. [mutagenic meat]
 22287 | D:12     | Gained mutation: You have sharp toenails. [mutagenic meat]
 22292 | D:12     | Gained mutation: You are robust. (+10% HP) [mutagenic meat]
 22377 | D:12     | Slain by an enormous slime creature

Vault maps used:
D:1:      grunt_arrival_crossed_arrows
D:2:      cheibrodos_pilgrimage, old_standard_altar, lemuel_doored_altar,
          cheibriados_altar_1, uniq_terence
D:3:      chequers_ecumenical_altar_grove
D:4:      temple_statues, first_bread
D:5:      lemuel_insect_pit, nicolae_overflow_crystal_walls,
          grunt_gozag_statues, uniq_duvessa, uniq_iyjb, uniq_prince_ribbit1
D:6:      nemelex_spade_bored_becter
D:7:      serial_shops, shop, shop, shop, shop, shop
D:8:      kennysheep_orc_sif_temple, uniq_joseph
D:10:     minmay_lair_entry_lava, hangedman_pestilent_swarm
D:11:     cheibrodos_tormentor_scu
D:12:     minmay_orc_entry_temple_small, hangedman_misty_isle, uniq_nessos,
          uniq_harold
Temple:   nicolae_temple_no_exploring_needed
Lair:2:   spider_nest_entry_rubble
Lair:3:   cheibrodos_lair_overgrown_chateau, beast_lair_carwin_11
Lair:4:   nicolae_swamp_entry_splash_gauntlet, uniq_rupert

Skill      XL: |  1  2  3  4  5  6  7  8  9 10 11 12 13 |
---------------+----------------------------------------+-----
Ice Magic      | 3 4 5 6 7 8 10 | 10.7
Dodging        | 2 3 4 5 6 |  6.0
Stealth        | 2 3 4 |  4.0
Spellcasting   | 3 4 6 7 8 9 10 11 | 11.2
Short Blades   | 1 2 3 4 5 |  5.1
Fighting       | 1 2 3 |  3.9
Shields        | 2 4 5 |  5.1
Conjurations   | 2 3 4 5 |  5.9
Charms         | 1 2 3 |  3.2
Air Magic      | 1 3 |  3.1
Fire Magic     | 1 2 |  2.0
Summonings     | 1 2 3 |  3.8
Armour         | 2 |  2.7
Necromancy     | 1 |  1.5
Unarmed Combat | |  0.1
Evocations     | |  0.2

Action                   |  1- 3 |  4- 6 |  7- 9 | 10-12 | 13-15 || total
-------------------------+-------+-------+-------+-------+-------++-------
Melee: Unarmed           |    15 |       |       |       |       ||    15
       Dagger            |    18 |    80 |   218 |   586 |    60 ||   962
       Rapier            |       |       |   108 |       |       ||   108
       Kick              |       |       |       |       |     2 ||     2
 Cast: Freeze            |    35 |    48 |   108 |   101 |     6 ||   298
       Throw Frost       |    13 |    27 |    42 |    32 |       ||   114
       Ozocubu's Armour  |     1 |     4 |    37 |    67 |     5 ||   114
       Throw Icicle      |       |       |     7 |    69 |    12 ||    88
       Flame Tongue      |       |       |    58 |    37 |     5 ||   100
       Shock             |       |       |    53 |    36 |     5 ||    94
       Throw Flame       |       |       |     3 |    14 |       ||    17
       Summon Ice Beast  |       |       |       |   100 |     7 ||   107
       Airstrike         |       |       |       |    16 |     1 ||    17
       Summon Lightning  |       |       |       |    10 |     7 ||    17
       Bolt of Draining  |       |       |       |     1 |     4 ||     5
       Iskenderun's Batt |       |       |       |       |     2 ||     2
Invok: Renounce Religion |       |     1 |       |       |       ||     1
Evoke: Wand              |       |       |     6 |     4 |       ||    10
  Use: Scroll            |       |     2 |    10 |    14 |     3 ||    29
       Potion            |       |       |       |    17 |     1 ||    18
 Stab: Sleeping          |     3 |     8 |     2 |     8 |       ||    21
       Invisible         |       |       |       |     1 |       ||     1
       Distracted        |       |       |       |     8 |     1 ||     9
  Eat: Chunk             |     4 |    11 |    23 |    38 |    13 ||    89
       Royal jelly       |       |       |       |     2 |       ||     2
Armor: Robe              |    16 |    16 |   209 |    29 |       ||   270
       Troll leather arm |       |       |       |   156 |    17 ||   173
Dodge: Dodged            |    25 |    57 |   342 |   452 |    27 ||   903
Block: Buckler           |       |    18 |   141 |   307 |    25 ||   491
       Reflection        |       |       |       |     3 |     2 ||     5
